 Dungeon Crawl Stone Soup version 0.31-a0-765-g67fe2935dc (webtiles) character file.

Game seed: 1942236351007806082

39 cforsyth the Sneak (level 3, 0/31 HPs)
             Began as a Djinni Delver on Sept 16, 2023.
             Slain by a hound (2 damage)
             ... on level 5 of the Dungeon.
             The game lasted 00:00:19 (234 turns).

cforsyth the Sneak (Djinni Delver)                   Turns: 234, Time: 00:00:20

Health: 0/31       AC:  3    Str: 11    XL:     3   Next: 67%
Gold:   34         EV: 12    Int: 13    God:
                   SH:  0    Dex: 14

rFire   + + .        a - +0 falchion
rCold   x . .        (no shield)
rNeg    . . .        b - +0 leather armour
rPois   ∞            (no helmet)
rElec   .            (no cloak)
rCorr   .            (no gloves)
SInv    .            (boots unavailable)
Will    .....        (no amulet)
Stlth   ++           (no ring)
HPRegen 0.25/turn    (no ring)
MPRegen 0.00/turn

%: infuse magic (-1 HP)
@: flying
A: sickness immunity, fire resistance 2, cold vulnerability 1, float, innate
caster, HP casting, extra vitality 1
a: no special abilities


You were on level 5 of the Dungeon.
You visited 1 branch of the dungeon, and saw 1 of its levels.

You collected 34 gold pieces.

Inventory:

Hand Weapons
 a - a +0 falchion (weapon)
Armour
 b - a +0 leather armour (worn)
Wands
 g - a wand of digging (3)
Scrolls
 c - a scroll of fog
 d - a scroll of revelation
 e - a scroll of fear
 h - a scroll of teleportation {unknown}
Potions
 f - a potion of haste


   Skills:
 + Level 3.7 Fighting
 - Level 1.7 Long Blades
 - Level 2.1 Dodging
 - Level 4.1 Stealth
 + Level 1.3 Spellcasting
 + Level 1.3 Conjurations
 + Level 1.3 Hexes
   Level 0.0 Charms
 + Level 1.3 Summonings
 + Level 1.3 Necromancy
 + Level 1.3 Translocations
 + Level 1.3 Transmutations
 + Level 1.3 Fire Magic
 + Level 1.3 Ice Magic
 + Level 1.3 Air Magic
 + Level 1.3 Earth Magic
 + Level 1.3 Poison Magic


You knew the following spells:

 Your Spells              Type           Power      Damage    Failure   Level
a - Magic Dart            Conj           16%        1d3       22%         1
Your spell library was empty.

Dungeon Overview and Level Annotations

Branches:
Dungeon (5/15)
 Temple: D:4-7

Altars:


Innate Abilities, Weirdness & Mutations

You are immune to sickness and miasma.
You are immune to poison.
Your flesh is very heat resistant. (rF++)
You are vulnerable to cold. (rC-)
You float through the air rather than walking.
You learn spells naturally, not from books.
Your magical power is your life essence.
You have superior vitality. (+4 MHP)


Message History

The hound is moderately wounded.
The hound barely misses you.
You hit the hound.
The hound is moderately wounded.
The hound barely misses you. The hound closely misses you.
Your magical contamination has completely faded away.
You barely miss the hound.
The hound is moderately wounded.
The hound bites you but does no damage. The hound completely misses you.
You slash the hound!
The hound is severely wounded.
The hound closely misses you. The hound bites you.
You are too injured to fight recklessly!
You are too injured to fight recklessly!
You are too injured to fight recklessly!
You are too injured to fight recklessly!
You are too injured to fight recklessly!
You are too injured to fight recklessly!
You are too injured to fight recklessly!
You are too injured to fight recklessly!
You are too injured to fight recklessly!
You are too injured to fight recklessly!
You are too injured to fight recklessly!
You closely miss the hound.
The hound is severely wounded.
The hound bites you. x2
* * * LOW HITPOINT WARNING * * *
You closely miss the hound.
The hound is severely wounded.
The hound bites you.
* * * LOW HITPOINT WARNING * * *
You closely miss the hound.
The hound is severely wounded.
The hound bites you but does no damage. The hound closely misses you.
You barely miss the hound.
The hound is severely wounded.
The hound bites you.
* * * LOW HITPOINT WARNING * * *
The hound bites you.
You die...

#........ ... #........
..... #.......
.....####......
.............###########
#............#.....#...#
#.........h..#.....'.<.#
#........@...#.##..##..#
#........#####.##..##..#
...###'##.....#.......#
#....#.....#.......#
+......#....#.....#.......#
#......#....#.....'.......#
#......#....'.....#.......#
##......#..######..######..#
........#### #..##..##..#


You could see a hound.

Vanquished Creatures
  A hound (D:5)
  An adder (D:5)
2 creatures vanquished.

Notes
Turn   | Place    | Note
-------+----------+-------------------------------------------
     0 | D:5      | cforsyth the Djinni Delver began the quest for the Orb.
     0 | D:5      | Reached XP level 1. HP: 20/20 MP: 0/0
    20 | D:5      | Noticed a hound
    35 | D:5      | Killed a hound
    36 | D:5      | Reached skill level 1 in Spellcasting
    36 | D:5      | Reached skill level 1 in Conjurations
    36 | D:5      | Reached skill level 1 in Hexes
    36 | D:5      | Reached skill level 1 in Summonings
    36 | D:5      | Reached skill level 1 in Necromancy
    36 | D:5      | Reached skill level 1 in Translocations
    36 | D:5      | Reached skill level 1 in Transmutations
    36 | D:5      | Reached skill level 1 in Fire Magic
    36 | D:5      | Reached skill level 1 in Ice Magic
    36 | D:5      | Reached skill level 1 in Air Magic
    36 | D:5      | Reached skill level 1 in Earth Magic
    36 | D:5      | Reached skill level 1 in Poison Magic
    36 | D:5      | Reached XP level 2. HP: 7/25 MP: 0/0
    36 | D:5      | Reached XP level 3. HP: 8/30 MP: 0/0
    36 | D:5      | Learned a level 1 spell: Magic Dart
   234 | D:5      | Slain by a hound

Illustrated notes

Levels and vault maps discovered:
D:5:      layout_gridville, nicolae_yredelemnul_corpse_copse,
          nicolae_stop_n_shop_1, chequers_serial_rivers_micro_a

Skill      XL: |  1 |
---------------+----+-----
Spellcasting   | 1 |  1.3
Conjurations   | 1 |  1.3
Hexes          | 1 |  1.3
Summonings     | 1 |  1.3
Necromancy     | 1 |  1.3
Translocations | 1 |  1.3
Transmutations | 1 |  1.3
Fire Magic     | 1 |  1.3
Ice Magic      | 1 |  1.3
Air Magic      | 1 |  1.3
Earth Magic    | 1 |  1.3
Poison Magic   | 1 |  1.3
Fighting       | |  3.7
Long Blades    | |  1.7
Dodging        | |  2.1
Stealth        | |  4.1

Action                     || total
---------------------------++-------
  Melee: Falchion          ||    24
         Punch             ||     1
   Cast: Magic Dart        ||     7
 Armour: Leather armour    ||    21
  Dodge: Dodged            ||    20

Table legend: (Time is in decaauts)
 A = Elapsed time spent in this place.
 B = Non-inter-level travel time spent in this place.
 C = Inter-level travel time spent in this place.
 D = Time resting spent in this place.
 E = Time spent auto-exploring this place.
 F = Levels seen in this place.
 G = Mean time per level.
                   A        B        C        D        E       F      G
               +--------+--------+--------+--------+--------+-----+--------+
         Total |    238 |    238 |      0 |      0 |    193 |   1 |  238.0 |
       Dungeon |    238 |    238 |      0 |      0 |    193 |   1 |  238.0 |
               +--------+--------+--------+--------+--------+-----+--------+

Top non-repeatable levels by time:
     D:5: 238 daAuts
